 Dungeon Crawl Stone Soup version 0.31-a0-1308-ga3cce3a448 (webtiles) character file.

Game seed: 12643232528415184519

1051 DApurpleWHUMPUS the Ogre Mage (level 8, 0/83 HPs)
             Began as an Ogre Fire Elementalist on Dec 19, 2023.
             Was a Believer of Makhleb.
             Slain by a hound (4 damage)
             ... on level 6 of the Dungeon.
             The game lasted 00:17:28 (6626 turns).

DApurpleWHUMPUS the Ogre Mage (OgFE)                Turns: 6626, Time: 00:17:29

Health: 0/83       AC:  3    Str: 13    XL:     8   Next: 26%
Magic:  6/23       EV: 10    Int: 16    God:    Makhleb [**....]
Gold:   358        SH:  0    Dex: 11    Spells: 10/25 levels left

rFire   . . .        t - +0 war axe
rCold   . . .        (no shield)
rNeg    . . .        a - +0 robe
rPois   .            (helmet restricted)
rElec   .            (no cloak)
rCorr   .            (gloves unavailable)
SInv    .            (boots unavailable)
Will    .....        (no amulet)
Stlth   ++           (no ring)
HPRegen 0.33/turn    (no ring)
MPRegen 0.18/turn

%: clarity
@: mighty
A: large, unfitting armour, tough skin 1, clarity, high MP 1, sturdy frame 1
a: Renounce Religion, Minor Destruction


You were on level 6 of the Dungeon.
You worshipped Makhleb.
Makhleb was pleased with you.
You visited 1 branch of the dungeon, and saw 6 of its levels.

You collected 358 gold pieces.

Inventory:

Hand Weapons
 p - a +0 short sword
 t - a +0 war axe (weapon)
Missiles
 n - a throwing net
Armour
 a - a +0 robe (worn)
 g - a +0 pair of boots
Magical Staves
 h - a staff of air
Wands
 o - a wand of iceblast (5)
 r - a wand of flame (22)
Scrolls
 b - 2 scrolls of immolation {unknown}
 c - 3 scrolls of amnesia
 d - 5 scrolls of identify
 e - 7 scrolls of teleportation
 f - a scroll of enchant weapon {unknown}
 i - a scroll of noise {unknown}
 k - a scroll of fear {unknown}
 m - a scroll of revelation {unknown}
 q - a scroll of fog {unknown}
 s - a scroll of poison {unknown}
 w - a scroll of torment {unknown}
Potions
 l - a potion of mutation
 u - a potion of degeneration {unknown}
 v - a potion of curing {unknown}
 x - a potion of heal wounds {unknown}


   Skills:
 + Level 6.3 Fighting
 - Level 1.7 Dodging
 - Level 1.4 Stealth
 * Level 9.1 Spellcasting
 - Level 0.8 Conjurations
 - Level 2.6 Fire Magic


You had 10 spell levels left.
You knew the following spells:

 Your Spells              Type           Power      Damage    Failure   Level
a - Foxfire               Conj/Fire      48%        2x1d6     4%          1
b - Scorch                Fire           30%        2d6       4%          2
c - Inner Flame           Hex/Fire       11%        N/A       17%         3
d - Volatile Blastmotes   Fire/Tloc      22%        2d11      17%         3
e - Sticky Flame          Conj/Fire      12%        2d4       43%         4
f - Blink                 Tloc           14%        N/A       16%         2

Your spell library contained the following spells:

 Spells                   Type           Power      Damage    Failure   Level
 Freeze                   Ice            28%        1d5       10%         1
 Necrotise                Necr           28%        1d5       10%         1
 Momentum Strike          Conj/Tloc      16%        3d8       13%         2
 Lesser Beckoning         Tloc           14%        N/A       16%         2
 Hailstorm                Conj/Ice       8%         3d5       26%         3
 Frozen Ramparts          Ice            14%        1d3       30%         3
 Vampiric Draining        Necr           7%         2d6       30%         3
 Flame Wave               Conj/Fire      12%        2d6       43%         4
 Agony                    Necr           7%         N/A       95%         5


Dungeon Overview and Level Annotations

Branches:
Dungeon (6/15)
 Temple: D:4-7

Altars:
Hepliaklqana
Kikubaaqudgha
Makhleb
Okawaru


Innate Abilities, Weirdness & Mutations

You are too large for most types of armour.
You have tough skin. (AC +1)
You possess an exceptional clarity of mind.
You have an increased reservoir of magic. (+10% MP)
Your movements are slightly less encumbered by armour. (ER -2)


Message History

* * * LOW HITPOINT WARNING * * *
Casting: Foxfire (safe; 4% risk of failure)
Confirm with . or Enter, or press ? or * to list all spells.
Flames lash the orc.
The orc is severely wounded.
The orc's fire resistance burns away.
You hear some strange, mumbled words.
A magic dart appears from out of thin air!
The magic dart hits you.
* * * LOW HITPOINT WARNING * * *
Casting: Scorch (safe; 4% risk of failure)
Confirm with . or Enter, or press ? or * to list all spells.
You miscast Foxfire.
You are very lightly contaminated with residual magic.
Nothing appears to happen.
An orc wizard appears from thin air!
Reactivating autopickup.
Something hits you.
* * * LOW HITPOINT WARNING * * *
Deactivating autopickup; reactivate with Ctrl-A.
You closely miss something. Something hits you.
* * * LOW HITPOINT WARNING * * *
Something hits you.
* * * LOW HITPOINT WARNING * * *
It was a potion of mutation.
You feel extremely strange.
You feel more energetic.
Your thoughts seem clearer.
You feel less encumbered by your armour.
Something hits you.
* * * LOW HITPOINT WARNING * * *
A hound is nearby!
You hear some strange, mumbled words.
A puff of flame appears from out of thin air!
The puff of flame hits you.
* * * LOW HITPOINT WARNING * * *
The hound closely misses you.
Your magical contamination has completely faded away.
There is a stone staircase leading down here.
The hound bites you.
* * * LOW HITPOINT WARNING * * *
The hound bites you.
You die...

#....#...# ....
#....#...# o....
#....#...####......
######....#....†ooo.....
..........#...#########.
..........#.o.#
.......†..#..o#########.
.......†................
...............h@.......
........†...............
........................
........................
........................
........................
........................
........................
....................


You could see a hound, an orc wizard and an orc.

Vanquished Creatures
  A water moccasin (D:6)
  An ice beast (D:5)
  An ogre (D:4)
  A phantom (D:6)
  A bullfrog (D:6)
  2 scorpions
  2 howler monkeys (D:5)
  A crimson imp (D:4)
  A jelly (D:4)
  2 hounds
  A gnoll bouda (D:4)
  An iguana (D:6)
  10 adders
  7 gnolls
  4 white imps
  2 dart slugs (D:1)
  An orc (D:5)
  10 bats
  8 endoplasms
  2 giant cockroaches
  7 goblins
  4 hobgoblins
  8 jackals
  5 kobolds
  3 quokkas
  4 ball pythons
  3 frilled lizards
  6 rats
99 creatures vanquished.

Vanquished Creatures (others)
  343 foxfires
343 creatures vanquished.

Grand Total: 442 creatures vanquished

Notes
Turn   | Place    | Note
-------+----------+-------------------------------------------
     0 | D:1      | DApurpleWHUMPUS the Ogre Fire Elementalist began the quest
                  | for the Orb.
     0 | D:1      | Reached XP level 1. HP: 16/16 MP: 3/3
   175 | D:1      | Reached skill level 3 in Spellcasting
   234 | D:1      | Reached XP level 2. HP: 17/24 MP: 1/6
   684 | D:1      | Reached XP level 3. HP: 31/31 MP: 4/8
   767 | D:1      | Reached skill level 4 in Spellcasting
  1498 | D:2      | You fall into a shaft and drop 1 floor!
  1659 | D:3      | Found a burning altar of Makhleb.
  1674 | D:3      | Reached XP level 4. HP: 39/39 MP: 7/10
  1683 | D:3      | Became a worshipper of Makhleb the Destroyer
  1807 | D:3      | Reached skill level 5 in Spellcasting
  2010 | D:3      | Found a faded altar of an unknown god.
  2036 | D:3      | Reached skill level 1 in Fighting
  2176 | D:3      | Reached XP level 5. HP: 44/48 MP: 7/12
  2380 | D:3      | Found an iron altar of Okawaru.
  2466 | D:3      | Reached * piety under Makhleb
  2469 | D:3      | HP: 2/49 [gnoll/+0 spear (4)]
  2901 | D:4      | Learned a level 2 spell: Scorch
  2905 | D:4      | Learned a level 3 spell: Inner Flame
  2909 | D:4      | Learned a level 3 spell: Volatile Blastmotes
  2914 | D:4      | Learned a level 4 spell: Sticky Flame
  3034 | D:4      | Reached skill level 6 in Spellcasting
  3066 | D:4      | Found an ancient bone altar of Kikubaaqudgha.
  3221 | D:4      | Reached XP level 6. HP: 23/59 MP: 8/15
  4538 | D:4      | Reached skill level 7 in Spellcasting
  4878 | D:5      | Entered Level 5 of the Dungeon
  4903 | D:5      | Reached XP level 7. HP: 61/70 MP: 9/17
  5288 | D:5      | Reached skill level 5 in Fighting
  5880 | D:5      | Reached skill level 8 in Spellcasting
  5947 | D:5      | Found a hazy altar of Hepliaklqana.
  6170 | D:6      | Identified the +1 robe of Udampa {rC+}
  6259 | D:6      | Reached XP level 8. HP: 81/83 MP: 9/20
  6486 | D:6      | Learned a level 2 spell: Blink
  6503 | D:6      | Reached ** piety under Makhleb
  6597 | D:6      | Reached skill level 9 in Spellcasting
  6621 | D:6      | Gained mutation: You have an increased reservoir of magic.
                  | (+10% MP) [potion of mutation]
  6621 | D:6      | Gained mutation: You possess an exceptional clarity of
                  | mind. [potion of mutation]
  6621 | D:6      | Gained mutation: Your movements are slightly less
                  | encumbered by armour. (ER -2) [potion of mutation]
  6626 | D:6      | HP: 4/83 [hound (3)]
  6626 | D:6      | Slain by a hound

Illustrated notes

Levels and vault maps discovered:
D:1:      tarquinn_simple_flora_water_a, layout_loops_cross, minmay_heptomino_o4
D:2:      layout_loops_ring
D:3:      layout_loops_cross, mainiacjoe_overflow_small_starburst,
          amcnicky_altar_gilded, shapermc_ecumenical_altar_starsandcircs
D:4:      layout_loops_corners, mainiacjoe_overflow_concentric_impassable,
          glass_columns_c, minmay_fire_ice_demons
D:5:      layout_loops_ring, lemuel_coloured_pillars_altar, minmay_holes
D:6:      layout_basic, general_overflow_altar

Skill      XL: |  1  2  3  4  5  6  7  8 |
---------------+-------------------------+-----
Spellcasting   | 3 4 5 6 7 8 9 |  9.1
Fighting       | 1 2 4 5 6 |  6.3
Dodging        | |  1.7
Stealth        | |  1.4
Conjurations   | |  0.8
Fire Magic     | |  2.6

Action                     |  1- 3 |  4- 6 |  7- 9 || total
---------------------------+-------+-------+-------++-------
  Melee: Unarmed           |    25 |    18 |       ||    43
         Punch             |     1 |       |       ||     1
         Short sword       |       |    57 |       ||    57
         War axe           |       |    42 |    24 ||    66
   Cast: Foxfire           |    81 |    95 |    49 ||   225
         Scorch            |       |    22 |    29 ||    51
         Blink             |       |       |     1 ||     1
    Use: Scroll            |       |     2 |       ||     2
         Potion            |       |     1 |     2 ||     3
 Armour: Robe              |    26 |   131 |    61 ||   218
  Dodge: Dodged            |    19 |   109 |    23 ||   151

Table legend: (Time is in decaauts)
 A = Elapsed time spent in this place.
 B = Non-inter-level travel time spent in this place.
 C = Inter-level travel time spent in this place.
 D = Time resting spent in this place.
 E = Time spent auto-exploring this place.
 F = Levels seen in this place.
 G = Mean time per level.
                   A        B        C        D        E       F      G
               +--------+--------+--------+--------+--------+-----+--------+
         Total |   6656 |   6457 |    199 |   1444 |   3843 |   6 | 1109.3 |
       Dungeon |   6656 |   6457 |    199 |   1444 |   3843 |   6 | 1109.3 |
               +--------+--------+--------+--------+--------+-----+--------+

Top non-repeatable levels by time:
     D:4: 2027 daAuts
     D:1: 1403 daAuts
     D:3: 1368 daAuts
     D:5: 1176 daAuts
     D:6: 586 daAuts
     D:2: 94 daAuts
